AoeStats
← 兼职部诗人

Arabia

505265236Analyzed
4v4 RM · 23d ago on Sep 8, 2026· 69m 26s· 8 players
Game mode
Random Map
Map size
Large (8 player)
Population
200
Speed
Normal
Resources
Standard
Victory
Conquest
Starting age
Dark Age
Ending age
Imperial Age
RankedLock teamsTeams togetherTeam positionsShared explorationLock speedFull tech treeHidden civsTurbo modeCheats
Victory
Defeat
🇨🇳 Mongols · China
817
+12
🇭🇰 Huns · Hong Kong SAR China
762
+14
🇺🇸 Spanish · United States
711
+17
🇪🇸 Japanese · Spain
670
+18
🇺🇸 Hindustanis · United States
787
-36
🇨🇳 Wei · China
727
-15
🇻🇳 Spanish · Vietnam
701
-14
🇨🇳 Lithuanians · China
693
-14
Peter Xavier
0:42 Loom
14:09 Feudal Age
16:27 Double-Bit Axe
17:07 Horse Collar
18:10 Wheelbarrow
25:34 Castle Age
23:29 Stone Mining
27:28 Bow Saw
27:36 Hand Cart
28:28 Gold Mining
29:19 Stone Shaft Mining
34:23 Imperial Age
32:11 Caravan
35:28 Forging
35:19 Scale Mail Armor
35:28 Town Watch
36:29 Supremacy
36:48 Hoardings
37:13 Scale Barding Armor
37:45 Iron Casting
37:01 Fletching
38:45 Guilds
39:06 Coinage
39:01 Town Patrol
39:51 Chain Mail Armor
40:34 Conscription
42:32 Blast Furnace
41:33 Padded Archer Armor
43:41 Chemistry
43:52 Plate Mail Armor
43:43 Chain Barding Armor
43:59 Banking
44:51 Elite Conquistador
48:34 Plate Barding Armor
47:56 Bodkin Arrow
51:04 Inquisition
52:10 Masonry
52:20 Ballistics
52:12 Masonry
52:23 Ballistics
52:15 Masonry
52:18 Bracer
52:33 Leather Archer Armor
什么都没说
0:44 Loom
13:57 Feudal Age
15:15 Wheelbarrow
14:23 Horse Collar
14:30 Double-Bit Axe
17:45 Gold Mining
18:03 Stone Mining
23:34 Castle Age
23:08 Bloodlines
24:32 Hand Cart
24:52 Bow Saw
25:47 Heavy Plow
27:51 Gold Shaft Mining
28:49 Stone Shaft Mining
30:55 Tuntian
37:07 Imperial Age
35:45 Husbandry
35:54 Scale Barding Armor
35:40 Fletching
35:43 Light Cavalry
36:56 Chain Barding Armor
36:47 Forging
38:12 Conscription
38:35 Ming Guang Armor
39:13 Ballistics
39:54 Chemistry
39:05 Masonry
38:25 Heavy Hei Guang Cavalry
39:53 Iron Casting
40:54 Hoardings
42:10 Blast Furnace
41:05 Bodkin Arrow
41:12 Padded Archer Armor
41:52 Squires
41:38 Arson
41:35 Hussar
43:27 Murder Holes
43:13 Treadmill Crane
44:22 Bracer
44:38 Leather Archer Armor
44:42 Caravan
49:21 Town Watch
50:13 Ring Archer Armor
49:43 Scale Mail Armor
49:34 Heavy Scorpion
54:11 Thumb Ring
55:47 Elite Skirmisher
56:55 Parthian Tactics
Tang_shuo
10:10 Feudal Age
18:02 Forging
20:07 Castle Age
18:37 Horse Collar
18:44 Double-Bit Axe
20:29 Wheelbarrow
21:23 Heavy Plow
22:33 Town Watch
26:40 Hand Cart
27:42 Town Patrol
28:04 Bow Saw
28:57 Gold Mining
28:58 Stone Mining
30:41 Loom
30:57 Town Patrol
31:47 Iron Casting
31:12 Scale Mail Armor
31:18 Scale Barding Armor
32:46 Stone Shaft Mining
36:41 Caravan
37:11 Coinage
37:39 Bloodlines
37:30 Husbandry
44:20 Imperial Age
41:46 Treadmill Crane
42:03 Murder Holes
42:19 Masonry
42:19 Fortified Wall
42:42 Ballistics
43:56 Chain Barding Armor
43:28 Fletching
43:39 Padded Archer Armor
46:00 Plate Barding Armor
45:21 Bodkin Arrow
44:48 Light Cavalry
44:49 Cavalier
46:33 Two-Man Saw
46:06 Crop Rotation
46:10 Guilds
46:31 Banking
47:22 Elite Leitis
48:22 Conscription
47:49 Winged Hussar
47:50 Paladin
49:25 Tower Shields
49:26 Hill Forts
50:59 Thumb Ring
50:18 Heavy Cavalry Archer
51:36 Pikeman
52:16 Squires
52:01 Arson
52:20 Bracer
52:35 Leather Archer Armor
52:57 Architecture
53:28 Chemistry
53:00 Architecture
52:35 Elite Skirmisher
67:16 Crossbowman
TurinTuraw
7:47 Loom
9:57 Feudal Age
11:56 Double-Bit Axe
13:28 Bloodlines
17:26 Horse Collar
19:33 Wheelbarrow
20:07 Forging
22:49 Castle Age
21:55 Gold Mining
22:52 Stone Mining
23:50 Heavy Plow
24:22 Bow Saw
24:22 Husbandry
24:38 Scale Barding Armor
25:17 Gold Shaft Mining
26:01 Forging
26:12 Chain Barding Armor
29:40 Hand Cart
31:18 Ballistics
31:08 Town Watch
32:13 Iron Casting
31:29 Fletching
36:42 Imperial Age
33:46 Elite Skirmisher
33:59 Elite Skirmisher
34:45 Thumb Ring
34:34 Light Cavalry
37:15 Heavy Camel Rider
38:33 Plate Barding Armor
38:59 Blast Furnace
38:00 Padded Archer Armor
37:55 Bodkin Arrow
39:51 Chemistry
39:23 Imperial Camel Rider
40:13 Heavy Cavalry Archer
44:41 Bracer
44:56 Leather Archer Armor
45:17 Conscription
45:29 Squires
47:45 Pikeman
48:11 Arson
49:25 Elite Ghulam
53:23 Town Patrol
54:13 Onager
56:19 Ring Archer Armor
Churchbroom
0:35 Loom
11:05 Feudal Age
28:35 Castle Age
27:03 Stone Mining
26:56 Horse Collar
27:04 Double-Bit Axe
27:55 Fletching
29:17 Forging
30:40 Wheelbarrow
29:29 Pikeman
30:41 Bodkin Arrow
31:06 Padded Archer Armor
33:02 Squires
32:59 Gold Mining
32:32 Elite Skirmisher
35:55 Hand Cart
36:57 Town Watch
41:10 Imperial Age
38:56 Husbandry
39:09 Bloodlines
40:54 Leather Archer Armor
42:18 Conscription
41:26 Cavalier
43:57 Scale Barding Armor
49:08 Iron Casting
47:58 Light Cavalry
53:22 Ballistics
54:42 Bracer
56:40 Ring Archer Armor
57:29 Chemistry
57:51 Heavy Plow
59:51 Bow Saw
64:27 Paladin
69:06 Blast Furnace
兼职部诗人
11:32 Feudal Age
12:57 Double-Bit Axe
12:52 Horse Collar
18:35 Loom
19:39 Bloodlines
25:47 Castle Age
25:33 Gold Mining
25:34 Stone Mining
27:38 Gold Shaft Mining
27:15 Bow Saw
27:32 Heavy Plow
30:55 Scale Barding Armor
30:51 Padded Archer Armor
30:41 Fletching
32:39 Leather Archer Armor
32:45 Chain Barding Armor
32:42 Husbandry
34:36 Bodkin Arrow
35:05 Ballistics
41:28 Imperial Age
40:56 Thumb Ring
42:39 Conscription
42:24 Bracer
43:00 Plate Barding Armor
43:02 Parthian Tactics
44:24 Scale Mail Armor
44:34 Forging
45:06 Squires
44:26 Pikeman
45:47 Chain Mail Armor
44:56 Cavalier
45:36 Heavy Cavalry Archer
46:11 Halberdier
49:17 Iron Casting
49:44 Marauders
49:05 Elite Tarkan
50:52 Caravan
51:22 Coinage
58:47 Banking
58:27 Guilds
路一司
11:35 Feudal Age
15:50 Castle Age
22:57 Double-Bit Axe
22:53 Horse Collar
26:07 Bow Saw
26:00 Heavy Plow
25:52 Gold Mining
27:00 Wheelbarrow
29:22 Stone Mining
30:08 Gold Shaft Mining
30:53 Stone Shaft Mining
30:56 Fletching
31:07 Padded Archer Armor
31:33 Hand Cart
34:09 Imperial Age
32:35 Bodkin Arrow
32:56 Leather Archer Armor
33:25 Ballistics
33:15 Masonry
33:16 Fortified Wall
33:38 Nomads
33:36 Loom
33:37 Town Watch
34:44 Town Patrol
35:39 Conscription
35:41 Bracer
36:47 Chemistry
37:20 Caravan
38:06 Thumb Ring
38:26 Parthian Tactics
38:04 Husbandry
38:14 Bloodlines
37:59 Elite Mangudai
54:14 Drill
61:49 Onager
63:08 Siege Onager
Tinako89
1:06 Loom
5:36 Loom
10:19 Feudal Age
10:54 Man-at-Arms
12:26 Double-Bit Axe
13:49 Town Watch
20:16 Wheelbarrow
23:54 Stone Mining
23:58 Gold Mining
27:25 Castle Age
29:06 Hand Cart
29:42 Husbandry
29:33 Gambesons
30:10 Pikeman
31:55 Gold Shaft Mining
31:56 Bow Saw
31:40 Horse Collar
32:55 Caravan
34:54 Fortified Wall
34:41 Murder Holes
34:57 Masonry
34:53 Guard Tower
35:57 Heavy Plow
36:01 Scale Mail Armor
35:53 Fletching
36:03 Padded Archer Armor
35:39 Elite Skirmisher
36:35 Long Swordsman
37:16 Squires
37:02 Arson
37:42 Treadmill Crane
38:51 Forging
38:46 Town Patrol
39:04 Padded Archer Armor
39:11 Scale Barding Armor
44:11 Imperial Age
41:42 Crossbowman
43:37 Chain Mail Armor
43:58 Iron Casting
43:44 Chain Barding Armor
43:40 Leather Archer Armor
44:53 Yasama
44:22 Capped Ram
44:48 Elite Samurai
45:23 Heavy Cavalry Archer
46:28 Parthian Tactics
46:47 Plate Mail Armor
46:13 Bodkin Arrow
Connection lost

Rejoining the realm…

Still unreachable

The connection could not be restored.

Session expired

The server has moved on; the page needs a fresh start.